Staline vs Blackdemons
Created - 24 février 2013 at 22:31
Goals
|
| Staline |
1 |
3 |
1 |
5 |
| Blackdemons |
5 |
3 |
1 |
9 |
|
Shots
|
| Staline |
11 |
13 |
13 |
37 |
| Blackdemons |
8 |
10 |
15 |
33 |
|
1st period
1. Blackdemons , Raphael Diaz 3 (Jakub Kindl, James Neal) at 0:55
2. Blackdemons , Michael Peca 13 (Jakub Kindl) at 6:35
3. Blackdemons , James Neal 14 (Nathan Paetsch, Marc-André Cliche) at 11:01
4. Blackdemons , Tomas Kopecky 19 (Michael Peca) at 17:48
5. Staline , Jamie Lundmark 7 (Chris Dingman, Martin Houle) at 18:13 (PP)
6. Blackdemons , Curtis Glencross 9 (Stanislav Chistov, Zack Hamill) at 19:37
Penalties :
Robert Dome (StJ) for Charging (Minor) at 11:38, Sam Gagner (MJM) for Roughing (Minor) at 18:01
2nd period
7. Blackdemons , Radoslav Suchy 4 (Sam Gagner) at 4:09
8. Staline , Matt Carle 9 (Robert Dome, Yan Stastny) at 7:48
9. Staline , Chris Dingman 20 (Mark Stuart, Jamie Lundmark) at 10:16
10. Staline , Chris Dingman 21 (Mark Stuart, Greg Zanon) at 10:32
11. Blackdemons , Steve Konowalchuk 9 (Michael Peca, Raphael Diaz) at 11:09
12. Blackdemons , Nikita Nikitin 1 (Sam Gagner, Curtis Glencross) at 12:10
Penalties :
Marc-André Cliche (MJM) for Delaying the game (Minor) at 1:24, Brandon Prust (StJ) for Hooking (Minor) at 1:24, T.J. Fast (StJ) for Hooking (Minor) at 4:18, Nikita Nikitin (MJM) for Interference (Minor) at 10:06, Yan Stastny (StJ) for Cross-checking (Minor) at 10:06, Curtis Glencross (MJM) for Goalie Interference (Minor) at 17:51
3rd period
13. Staline , Greg Zanon 6 (Chris Dingman) at 2:28 (PP)
14. Blackdemons , James Neal 15 (Raphael Diaz, Nathan Paetsch) at 10:23 (PP)
Penalties :
Karl Alzner (MJM) for Slashing (Minor) at 1:55, Stanislav Chistov (MJM) for Holding Stick (Minor) at 4:16, Chris Dingman (StJ) for Roughing (Minor) at 10:11, Raphael Diaz (MJM) for Hooking (Minor) at 13:18, Michael Peca (MJM) for Roughing (Minor) at 13:55, Alexandre Daigle (StJ) for Roughing (Minor) at 13:55, Steve Konowalchuk (MJM) for Roughing (Minor) at 17:41
Goalie Stats
Erik Ersberg (StJ), 18 saves from 23 shots - (0,783), 45:38 minutes
Martin Houle (StJ), 6 saves from 10 shots - (0,600), L, 1-2-0, 14:22 minutes
Michal Neuvirth (MJM), 32 saves from 37 shots - (0,865), W, 15-10-3, 60:00 minutes
Players Stats for Staline
Player Name G A P +/- PIM S H SB GA TA FO MP PP MP PK MP
------------------------------------------------------------------------------------
Alexandre Daigle 0 0 0 -1 2 2 2 0 0 1 1/2 17:48 4:28 1:12
Brandon Prust 0 0 0 -2 2 0 1 0 0 0 0/0 8:00 0:00 0:35
Cam Janssen 0 0 0 -1 0 2 1 1 0 0 1/1 11:11 0:00 1:19
Chris Dingman 2 2 4 -1 2 9 1 1 2 0 1/1 25:15 4:29 2:04
Devin Setoguchi 0 0 0 -2 0 1 0 0 0 0 1/1 17:47 2:50 0:00
Eric Hunter 0 0 0 -2 0 0 0 0 0 0 1/3 6:37 0:00 0:00
Greg Zanon 1 1 2 -1 0 2 1 0 0 0 0/0 29:55 5:04 2:33
J.T. Wyman 0 0 0 -2 0 1 0 0 0 0 0/0 6:37 0:00 0:00
Jamie Lundmark 1 1 2 -1 0 9 2 0 2 1 26/54 25:45 4:29 2:18
Josh Green 0 0 0 -1 0 0 1 3 1 0 1/1 10:32 0:00 0:00
Mark Stuart 0 2 2 -1 0 3 2 1 1 1 0/0 29:55 5:04 2:33
Matt Carle 1 0 1 0 0 4 0 1 0 1 0/0 18:18 2:15 1:37
Mike Sauer 0 0 0 -4 0 0 0 1 0 0 0/0 11:56 0:00 0:03
Robert Dome 0 1 1 -1 2 1 2 1 1 0 0/0 16:26 2:50 0:32
Simon Danis-Pepin 0 0 0 -4 0 1 1 1 0 0 0/0 12:29 0:00 0:42
T.J. Fast 0 0 0 0 2 1 0 1 0 0 0/0 17:32 2:15 0:52
Tomas Kana 0 0 0 -1 0 0 0 1 0 0 1/6 9:41 0:00 0:00
Yan Stastny 0 1 1 -1 2 1 2 1 0 0 4/7 14:03 2:50 0:20
Players Stats for Blackdemons
Player Name G A P +/- PIM S H SB GA TA FO MP PP MP PK MP
------------------------------------------------------------------------------------
Curtis Glencross 1 1 2 2 2 4 2 0 0 1 1/2 18:36 1:46 2:44
Enver Lisin 0 0 0 1 0 3 2 0 1 1 0/1 13:23 2:17 0:00
Frazer Mclaren 0 0 0 -1 0 3 1 0 0 0 0/0 7:07 0:00 0:00
Jakub Kindl 0 2 2 3 0 0 0 1 0 1 0/0 22:27 0:07 4:36
James Neal 2 1 3 4 0 3 0 0 2 0 0/0 15:47 2:17 0:52
Karl Alzner 0 0 0 2 2 0 0 2 0 0 0/0 17:45 0:00 3:54
Marc-André Cliche 0 1 1 -1 2 0 0 0 0 0 1/2 7:08 0:00 0:00
Maxime Macenauer 0 0 0 -1 0 0 1 0 0 0 0/0 7:07 0:00 0:00
Michael Peca 1 2 3 3 2 2 1 0 1 2 11/22 17:58 0:07 3:11
Nathan Paetsch 0 2 2 1 0 1 1 1 0 0 0/0 22:35 2:40 4:05
Nikita Nikitin 1 0 1 2 2 2 1 1 0 0 0/0 15:11 1:30 0:00
Radoslav Suchy 1 0 1 2 0 4 1 3 0 1 0/0 22:44 1:30 4:36
Raphael Diaz 1 2 3 1 2 2 1 2 0 0 0/0 19:38 2:40 0:11
Sam Gagner 0 2 2 2 2 1 4 0 0 0 14/20 16:22 2:17 0:47
Stanislav Chistov 0 1 1 1 2 1 2 0 0 0 0/0 14:06 0:07 2:22
Steve Konowalchuk 1 0 1 0 2 2 1 0 0 0 3/5 17:11 0:00 2:51
Tomas Kopecky 1 0 1 4 0 4 2 1 0 0 3/7 16:47 1:46 3:12
Zack Hamill 0 1 1 1 0 1 1 0 0 1 6/17 13:21 1:46 0:00
3 Stars
1 - James Neal (MJM)
2 - Chris Dingman (StJ)
3 - Michael Peca (MJM)
Power Play
Staline - 2 on 6 Attempt(s) - 33,33%
Blackdemons - 1 on 3 Attempt(s) - 33,33%
Penalty Kill
Staline - 2 on 3 Attempt(s) - 66,67%
- Score 0 goal in Penalty Kill
Blackdemons - 4 on 6 Attempt(s) - 66,67%
- Score 0 goal in Penalty Kill
Official
Referees : LaRue Dennis and Kimmerly Greg
Linesman : Tim Nowak and Bryan Pancich
Game Notes
Martin Houle enters game at 17:48 of 1st period
Erik Ersberg enters game at 12:10 of 2nd period
Staline
5 vs 5 Forward
Center Left Wing Right Wing Time % Phy DF OF
1 Jamie Lundmark Chris Dingman Devin Setoguchi 40 1 2 2
2 Yan Stastny Robert Dome Alexandre Daigle 30 1 2 2
3 Tomas Kana Josh Green Cam Janssen 20 1 2 2
4 Eric Hunter Brandon Prust J.T. Wyman 10 1 2 2
5 vs 5 Defense
Defense Defense Time % Phy DF OF
1 Mark Stuart Greg Zanon 40 1 2 2
2 Matt Carle T.J. Fast 30 1 2 2
3 Mike Sauer Simon Danis-Pepin 20 1 2 2
4 Mark Stuart Greg Zanon 10 1 2 2
PowerPlay Forward
Center Left Wing Right Wing Time % Phy DF OF
1 Jamie Lundmark Chris Dingman Alexandre Daigle 60 1 2 2
2 Yan Stastny Robert Dome Devin Setoguchi 40 1 2 2
PowerPlay Defense
Defense Defense Time % Phy DF OF
1 Mark Stuart Greg Zanon 60 1 2 2
2 Matt Carle T.J. Fast 40 1 2 2
Penalty Kill 4 Players Forward
Center Wing Time % Phy DF OF
1 Jamie Lundmark Chris Dingman 60 1 2 2
2 Alexandre Daigle Robert Dome 40 1 2 2
Penalty Kill 4 Players Defense
Defense Defense Time % Phy DF OF
1 Mark Stuart Greg Zanon 60 1 2 2
2 Matt Carle T.J. Fast 40 1 2 2
Penalty Kill - 3 Players Forward
Forward Time % Phy DF OF
1 Jamie Lundmark 60 1 2 2
2 Chris Dingman 40 1 2 2
Penalty Kill - 3 Players Defense
Defense Defense Time % Phy DF OF
1 Mark Stuart Greg Zanon 60 1 2 2
2 Matt Carle T.J. Fast 40 1 2 2
4 vs 4 Forward
Center Wing Time % Phy DF OF
1 Jamie Lundmark Chris Dingman 60 1 2 2
2 Alexandre Daigle Robert Dome 40 1 2 2
4 vs 4 Defense
Defense Defense Time % Phy DF OF
1 Mark Stuart Greg Zanon 60 1 2 2
2 Matt Carle T.J. Fast 40 1 2 2
Last Minutes Offensive
Center Left Wing Right Wing Defense Defense
Jamie Lundmark Chris Dingman Alexandre Daigle Mark Stuart Greg Zanon
Last Minutes Defensive
Center Left Wing Right Wing Defense Defense
Jamie Lundmark Chris Dingman Alexandre Daigle Mark Stuart Greg Zanon
Goaltenders
Starting : Erik Ersberg
Backup : Martin Houle
Extra Forwards
Normal : Josh Green, Brandon Prust, Cam Janssen - PP : Josh Green, Brandon Prust - PK : Cam Janssen
Extra Defensemen
Normal : Mike Sauer, Simon Danis-Pepin, Matt Carle - PP : Mike Sauer - PK : Simon Danis-Pepin, Matt Carle
Penalty Shots
Jamie Lundmark, Chris Dingman, Alexandre Daigle, Robert Dome, Yan Stastny
Blackdemons
5 vs 5 Forward
Center Left Wing Right Wing Time % Phy DF OF
1 Sam Gagner Steve Konowalchuk Enver Lisin 30 0 3 2
2 Zack Hamill Curtis Glencross Stanislav Chistov 30 1 2 2
3 Michael Peca James Neal Tomas Kopecky 30 2 1 2
4 Marc-André Cliche Frazer Mclaren Maxime Macenauer 10 1 2 2
5 vs 5 Defense
Defense Defense Time % Phy DF OF
1 Karl Alzner Nathan Paetsch 36 1 3 1
2 Radoslav Suchy Nikita Nikitin 32 1 3 1
3 Raphael Diaz Jakub Kindl 32 1 3 1
4 Radoslav Suchy Nathan Paetsch 0 1 3 1
PowerPlay Forward
Center Left Wing Right Wing Time % Phy DF OF
1 Sam Gagner James Neal Enver Lisin 60 1 1 3
2 Zack Hamill Curtis Glencross Tomas Kopecky 40 2 1 2
PowerPlay Defense
Defense Defense Time % Phy DF OF
1 Raphael Diaz Nathan Paetsch 60 0 2 3
2 Radoslav Suchy Nikita Nikitin 40 0 2 3
Penalty Kill 4 Players Forward
Center Wing Time % Phy DF OF
1 Michael Peca Curtis Glencross 50 1 3 1
2 Steve Konowalchuk Stanislav Chistov 50 0 4 1
Penalty Kill 4 Players Defense
Defense Defense Time % Phy DF OF
1 Radoslav Suchy Jakub Kindl 50 1 4 0
2 Karl Alzner Nathan Paetsch 50 1 4 0
Penalty Kill - 3 Players Forward
Forward Time % Phy DF OF
1 Michael Peca 50 0 5 0
2 Steve Konowalchuk 50 0 5 0
Penalty Kill - 3 Players Defense
Defense Defense Time % Phy DF OF
1 Radoslav Suchy Jakub Kindl 50 1 4 0
2 Karl Alzner Nathan Paetsch 50 1 4 0
4 vs 4 Forward
Center Wing Time % Phy DF OF
1 Sam Gagner Curtis Glencross 50 1 2 2
2 Michael Peca Steve Konowalchuk 50 0 3 2
4 vs 4 Defense
Defense Defense Time % Phy DF OF
1 Radoslav Suchy Jakub Kindl 50 1 3 1
2 Raphael Diaz Nathan Paetsch 50 1 3 1
Last Minutes Offensive
Center Left Wing Right Wing Defense Defense
Michael Peca Curtis Glencross Enver Lisin Radoslav Suchy Nathan Paetsch
Last Minutes Defensive
Center Left Wing Right Wing Defense Defense
Michael Peca Steve Konowalchuk Stanislav Chistov Radoslav Suchy Nathan Paetsch
Goaltenders
Starting : Michal Neuvirth
Backup : Manny Fernandez
Extra Forwards
Normal : James Neal, Enver Lisin, Curtis Glencross - PP : Stanislav Chistov, Michael Peca - PK : Tomas Kopecky
Extra Defensemen
Normal : Jakub Kindl, Raphael Diaz, Karl Alzner - PP : Jakub Kindl - PK : Raphael Diaz, Nikita Nikitin
Penalty Shots
Curtis Glencross, Enver Lisin, James Neal, Stanislav Chistov, Michael Peca
% Time on Ice - Staline
Lines # - Real PCT - Wanted PCT - Time Play
Normal Forward
1 - 35% - 40% - 14:52
2 - 27% - 30% - 11:24
3 - 23% - 20% - 9:41
4 - 16% - 10% - 6:37
Normal Defense
1 - 40% - 40% - 17:07
2 - 30% - 30% - 12:43
3 - 28% - 20% - 11:47
4 - 2% - 10% - 0:57
PP Forward
1 - 61% - 60% - 4:29
2 - 39% - 40% - 2:50
PP Defense
1 - 69% - 60% - 5:04
2 - 31% - 40% - 2:15
PK Forward
1 - 71% - 60% - 2:58
2 - 29% - 40% - 1:12
PK Defense
1 - 61% - 60% - 2:33
2 - 39% - 40% - 1:37
PK3 Forward
1 - 0% - 60%
2 - 0% - 40%
PK3 Defense
1 - 0% - 60%
2 - 0% - 40%
44 Forward
1 - 72% - 60% - 4:17
2 - 28% - 40% - 1:40
44 Defense
1 - 71% - 60% - 4:14
2 - 29% - 40% - 1:43
Last Minute Offensive - 0:00
Last Minute Defensive - 0:00
Total
Forward - 60:00
Defense - 60:00
|
% Time on Ice - Blackdemons
Lines # - Real PCT - Wanted PCT - Time Play
Normal Forward
1 - 27% - 30% - 11:35
2 - 29% - 30% - 12:13
3 - 27% - 30% - 11:39
4 - 17% - 10% - 7:07
Normal Defense
1 - 34% - 36% - 14:23
2 - 34% - 32% - 14:29
3 - 32% - 32% - 13:42
4 - 0% - 0% - 0:00
PP Forward
1 - 58% - 60% - 2:24
2 - 42% - 40% - 1:46
PP Defense
1 - 64% - 60% - 2:40
2 - 36% - 40% - 1:30
PK Forward
1 - 48% - 50% - 3:30
2 - 52% - 50% - 3:49
PK Defense
1 - 49% - 50% - 3:33
2 - 51% - 50% - 3:46
PK3 Forward
1 - 65% - 50% - 0:53
2 - 35% - 50% - 0:29
PK3 Defense
1 - 77% - 50% - 1:03
2 - 23% - 50% - 0:19
44 Forward
1 - 49% - 50% - 2:14
2 - 51% - 50% - 2:21
44 Defense
1 - 63% - 50% - 2:52
2 - 37% - 50% - 1:43
Last Minute Offensive - 0:00
Last Minute Defensive - 0:00
Total
Forward - 60:00
Defense - 60:00
|
Play by Play
1st period
0:01 of 1st period - Sam Gagner wins face-off versus Jamie Lundmark in neutral zone.
0:45 of 1st period - Snap shot by Tomas Kopecky.
0:45 of 1st period - Shot Misses the Net.
0:47 of 1st period - Slapshot by Radoslav Suchy.
0:47 of 1st period - Shot Misses the Net.
0:51 of 1st period - Snap shot by James Neal.
0:51 of 1st period - Shot Blocked by Josh Green.
0:53 of 1st period - Slapshot by Jakub Kindl.
0:53 of 1st period - Shot Misses the Net.
0:55 of 1st period - Wrist shot by Raphael Diaz.
0:55 of 1st period - Deflect By Mark Stuart.
0:55 of 1st period - Goal by Raphael Diaz - Staline : 0 - Blackdemons : 1.
0:56 of 1st period - Eric Hunter wins face-off versus Marc-André Cliche in neutral zone.
1:05 of 1st period - Slapshot by J.T. Wyman.
1:05 of 1st period - Shot Misses the Net.
1:07 of 1st period - Snap shot by Matt Carle.
1:07 of 1st period - Stopped by Michal Neuvirth with a rebound.
1:13 of 1st period - Matt Carle is hit by Frazer Mclaren.
1:45 of 1st period - Matt Carle is hit by Enver Lisin and loses puck.
2:49 of 1st period - J.T. Wyman is hit by Sam Gagner.
3:12 of 1st period - Off-side.
3:13 of 1st period - Alexandre Daigle wins face-off versus Zack Hamill in neutral zone.
3:36 of 1st period - Backhand shot by Alexandre Daigle.
3:36 of 1st period - Shot Blocked by Karl Alzner.
3:38 of 1st period - Slapshot by Simon Danis-Pepin.
3:38 of 1st period - Stopped by Michal Neuvirth without a rebound.
3:39 of 1st period - Jamie Lundmark wins face-off versus Michael Peca in Blackdemons zone.
3:44 of 1st period - Wrist shot by Jamie Lundmark.
3:44 of 1st period - Stopped by Michal Neuvirth without a rebound.
3:45 of 1st period - Michael Peca wins face-off versus Jamie Lundmark in Blackdemons zone.
3:58 of 1st period - Snap shot by Tomas Kopecky.
3:58 of 1st period - Shot Blocked by Mark Stuart.
4:10 of 1st period - Radoslav Suchy is hit by Mark Stuart and loses puck.
4:21 of 1st period - Wrist shot by Cam Janssen.
4:21 of 1st period - Stopped by Michal Neuvirth with a rebound.
4:36 of 1st period - Icing by Nikita Nikitin.
4:37 of 1st period - Jamie Lundmark wins face-off versus Zack Hamill in Blackdemons zone.
4:38 of 1st period - Snap shot by Chris Dingman.
4:38 of 1st period - Stopped by Michal Neuvirth without a rebound.
4:39 of 1st period - Jamie Lundmark wins face-off versus Sam Gagner in Blackdemons zone.
4:46 of 1st period - Snap shot by Jamie Lundmark.
4:46 of 1st period - Stopped by Michal Neuvirth without a rebound.
4:47 of 1st period - Sam Gagner wins face-off versus Jamie Lundmark in Blackdemons zone.
5:00 of 1st period - Wrist shot by Enver Lisin.
5:00 of 1st period - Stopped by Erik Ersberg without a rebound.
5:01 of 1st period - Tomas Kopecky wins face-off versus Tomas Kana in Staline zone.
5:37 of 1st period - Snap shot by Chris Dingman.
5:37 of 1st period - Stopped by Michal Neuvirth with a rebound.
6:35 of 1st period - Snap shot by Michael Peca.
6:35 of 1st period - Goal by Michael Peca - Staline : 0 - Blackdemons : 2.
6:36 of 1st period - Michael Peca wins face-off versus Jamie Lundmark in neutral zone.
6:45 of 1st period - Snap shot by Tomas Kopecky.
6:45 of 1st period - Stopped by Erik Ersberg with a rebound.
7:07 of 1st period - Icing by Michael Peca.
7:08 of 1st period - Michael Peca wins face-off versus Tomas Kana in Blackdemons zone.
8:11 of 1st period - Wrist shot by Cam Janssen.
8:11 of 1st period - Stopped by Michal Neuvirth with a rebound.
8:13 of 1st period - Slapshot by Matt Carle.
8:13 of 1st period - Deflect By Josh Green.
8:13 of 1st period - Shot Misses the Net.
8:13 of 1st period - Puck is out of play.
8:14 of 1st period - Jamie Lundmark wins face-off versus Zack Hamill in Blackdemons zone.
8:51 of 1st period - Wrist shot by Robert Dome.
8:51 of 1st period - Shot Misses the Net.
9:01 of 1st period - Mike Sauer is hit by Raphael Diaz and loses puck.
9:52 of 1st period - T.J. Fast is hit by Radoslav Suchy.
10:04 of 1st period - Eric Hunter is hit by Stanislav Chistov and loses puck.
10:38 of 1st period - Curtis Glencross is hit by Robert Dome and loses puck.
11:01 of 1st period - Slapshot by James Neal.
11:01 of 1st period - Goal by James Neal - Staline : 0 - Blackdemons : 3.
11:02 of 1st period - Sam Gagner wins face-off versus Jamie Lundmark in neutral zone.
11:17 of 1st period - Wrist shot by Steve Konowalchuk.
11:17 of 1st period - Shot Misses the Net.
11:31 of 1st period - Off-side.
11:32 of 1st period - Yan Stastny wins face-off versus Zack Hamill in neutral zone.
11:38 of 1st period - Minor Penalty to Robert Dome for Charging.
11:39 of 1st period - Jamie Lundmark wins face-off versus Sam Gagner in Staline zone.
12:19 of 1st period - Wrist shot by James Neal.
12:19 of 1st period - Shot Misses the Net.
12:41 of 1st period - Backhand shot by Chris Dingman.
12:41 of 1st period - Stopped by Michal Neuvirth with a rebound.
13:38 of 1st period - Penalty to Robert Dome is over, Robert Dome is back on ice.
13:57 of 1st period - Icing by Mike Sauer.
13:58 of 1st period - Marc-André Cliche wins face-off versus Eric Hunter in Staline zone.
14:03 of 1st period - Slapshot by Raphael Diaz.
14:03 of 1st period - Shot Misses the Net.
14:15 of 1st period - Mike Sauer is hit by Nathan Paetsch and loses puck.
14:25 of 1st period - Icing by Mike Sauer.
14:26 of 1st period - Zack Hamill wins face-off versus Eric Hunter in Staline zone.
14:37 of 1st period - Wrist shot by Sam Gagner.
14:37 of 1st period - Shot Misses the Net.
15:07 of 1st period - Wrist shot by Jamie Lundmark.
15:07 of 1st period - Shot Blocked by Nikita Nikitin.
16:42 of 1st period - Snap shot by Matt Carle.
16:42 of 1st period - Stopped by Michal Neuvirth with a rebound.
17:03 of 1st period - Karl Alzner is hit by Josh Green and loses puck.
17:48 of 1st period - Slapshot by Tomas Kopecky.
17:48 of 1st period - Goal by Tomas Kopecky - Staline : 0 - Blackdemons : 4.
17:48 of 1st period - Martin Houle enters game.
17:49 of 1st period - Sam Gagner wins face-off versus Jamie Lundmark in neutral zone.
17:58 of 1st period - Snap shot by Enver Lisin.
17:58 of 1st period - Shot Misses the Net.
18:01 of 1st period - Minor Penalty to Sam Gagner for Roughing.
18:02 of 1st period - Michael Peca wins face-off versus Jamie Lundmark in Blackdemons zone.
18:13 of 1st period - Wrist shot by Jamie Lundmark.
18:13 of 1st period - Goal by Jamie Lundmark - Staline : 1 - Blackdemons : 4.
18:14 of 1st period - Jamie Lundmark wins face-off versus Michael Peca in neutral zone.
18:18 of 1st period - Off-side.
18:19 of 1st period - Michael Peca wins face-off versus Jamie Lundmark in neutral zone.
18:48 of 1st period - Slapshot by Stanislav Chistov.
18:48 of 1st period - Shot Misses the Net.
19:29 of 1st period - Wrist shot by Marc-André Cliche.
19:29 of 1st period - Shot Misses the Net.
19:31 of 1st period - Snap shot by Frazer Mclaren.
19:31 of 1st period - Stopped by Martin Houle without a rebound.
19:32 of 1st period - Zack Hamill wins face-off versus Jamie Lundmark in Staline zone.
19:37 of 1st period - Snap shot by Stanislav Chistov.
19:37 of 1st period - Deflect By Curtis Glencross.
19:37 of 1st period - Goal by Curtis Glencross - Staline : 1 - Blackdemons : 5.
19:38 of 1st period - Jamie Lundmark wins face-off versus Michael Peca in neutral zone.
2nd period
0:01 of 2nd period - Jamie Lundmark wins face-off versus Zack Hamill in neutral zone.
0:10 of 2nd period - Slapshot by Chris Dingman.
0:10 of 2nd period - Stopped by Michal Neuvirth with a rebound.
0:17 of 2nd period - Off-side.
0:18 of 2nd period - Sam Gagner wins face-off versus Yan Stastny in neutral zone.
0:21 of 2nd period - Matt Carle is hit by Sam Gagner and loses puck.
0:44 of 2nd period - Curtis Glencross is hit by Jamie Lundmark and loses puck.
0:49 of 2nd period - Snap shot by Jamie Lundmark.
0:49 of 2nd period - Shot Misses the Net.
1:24 of 2nd period - Minor Penalty to Marc-André Cliche for Delaying the game.
1:24 of 2nd period - Minor Penalty to Brandon Prust for Hooking.
1:25 of 2nd period - Sam Gagner wins face-off versus Jamie Lundmark in Staline zone.
1:26 of 2nd period - Snap shot by Curtis Glencross.
1:26 of 2nd period - Stopped by Martin Houle without a rebound.
1:27 of 2nd period - Sam Gagner wins face-off versus Jamie Lundmark in Staline zone.
1:42 of 2nd period - Wrist shot by Jamie Lundmark.
1:42 of 2nd period - Stopped by Michal Neuvirth without a rebound.
1:43 of 2nd period - Michael Peca wins face-off versus Jamie Lundmark in Blackdemons zone.
1:56 of 2nd period - Wrist shot by Steve Konowalchuk.
1:56 of 2nd period - Shot Misses the Net.
1:58 of 2nd period - Snap shot by Raphael Diaz.
1:58 of 2nd period - Stopped by Martin Houle with a rebound.
3:11 of 2nd period - Snap shot by Jamie Lundmark.
3:11 of 2nd period - Shot Blocked by Nathan Paetsch.
3:13 of 2nd period - Slapshot by Matt Carle.
3:13 of 2nd period - Deflect By Robert Dome.
3:13 of 2nd period - Shot Misses the Net.
3:13 of 2nd period - Puck is out of play.
3:14 of 2nd period - Sam Gagner wins face-off versus Alexandre Daigle in Blackdemons zone.
3:24 of 2nd period - Penalty to Marc-André Cliche is over, Marc-André Cliche is back on ice.
3:24 of 2nd period - Penalty to Brandon Prust is over, Brandon Prust is back on ice.
3:39 of 2nd period - Slapshot by Nathan Paetsch.
3:39 of 2nd period - Deflect By Frazer Mclaren.
3:39 of 2nd period - Shot Blocked by Josh Green.
3:39 of 2nd period - Puck is out of play.
3:40 of 2nd period - Yan Stastny wins face-off versus Michael Peca in Staline zone.
4:05 of 2nd period - Sam Gagner is hit by Jamie Lundmark.
4:09 of 2nd period - Slapshot by Radoslav Suchy.
4:09 of 2nd period - Goal by Radoslav Suchy - Staline : 1 - Blackdemons : 6.
4:10 of 2nd period - Sam Gagner wins face-off versus Jamie Lundmark in neutral zone.
4:18 of 2nd period - Minor Penalty to T.J. Fast for Hooking.
4:19 of 2nd period - Jamie Lundmark wins face-off versus Sam Gagner in Staline zone.
4:47 of 2nd period - Icing by Nathan Paetsch.
4:48 of 2nd period - Zack Hamill wins face-off versus Jamie Lundmark in Blackdemons zone.
5:22 of 2nd period - Snap shot by Enver Lisin.
5:22 of 2nd period - Shot Misses the Net.
6:02 of 2nd period - Curtis Glencross is hit by Mark Stuart and loses puck.
6:18 of 2nd period - Penalty to T.J. Fast is over, T.J. Fast is back on ice.
6:31 of 2nd period - Snap shot by Chris Dingman.
6:31 of 2nd period - Shot Misses the Net.
7:15 of 2nd period - Jakub Kindl is hit by Chris Dingman and loses puck.
7:48 of 2nd period - Slapshot by Matt Carle.
7:48 of 2nd period - Goal by Matt Carle - Staline : 2 - Blackdemons : 6.
7:49 of 2nd period - Jamie Lundmark wins face-off versus Zack Hamill in neutral zone.
7:58 of 2nd period - Snap shot by Jamie Lundmark.
7:58 of 2nd period - Stopped by Michal Neuvirth without a rebound.
7:59 of 2nd period - Jamie Lundmark wins face-off versus Zack Hamill in Blackdemons zone.
8:00 of 2nd period - Slapshot by Chris Dingman.
8:00 of 2nd period - Stopped by Michal Neuvirth with a rebound.
8:02 of 2nd period - Wrist shot by Greg Zanon.
8:02 of 2nd period - Deflect By Chris Dingman.
8:02 of 2nd period - Shot Blocked by Radoslav Suchy.
8:02 of 2nd period - Puck is out of play.
8:03 of 2nd period - Jamie Lundmark wins face-off versus Sam Gagner in Blackdemons zone.
8:36 of 2nd period - Wrist shot by Jamie Lundmark.
8:36 of 2nd period - Stopped by Michal Neuvirth with a rebound.
8:38 of 2nd period - Slapshot by Greg Zanon.
8:38 of 2nd period - Shot Blocked by Karl Alzner.
8:44 of 2nd period - Snap shot by Chris Dingman.
8:44 of 2nd period - Stopped by Michal Neuvirth with a rebound.
8:46 of 2nd period - Wrist shot by Devin Setoguchi.
8:46 of 2nd period - Shot Misses the Net.
8:48 of 2nd period - Slapshot by Mark Stuart.
8:48 of 2nd period - Stopped by Michal Neuvirth without a rebound.
8:49 of 2nd period - Zack Hamill wins face-off versus Yan Stastny in Blackdemons zone.
9:04 of 2nd period - Wrist shot by Curtis Glencross.
9:04 of 2nd period - Stopped by Martin Houle without a rebound.
9:05 of 2nd period - Sam Gagner wins face-off versus Tomas Kana in Staline zone.
9:30 of 2nd period - Robert Dome is hit by Stanislav Chistov and loses puck.
9:43 of 2nd period - Radoslav Suchy is hit by Alexandre Daigle and loses puck.
10:06 of 2nd period - Minor Penalty to Nikita Nikitin for Interference.
10:06 of 2nd period - Minor Penalty to Yan Stastny for Cross-checking.
10:07 of 2nd period - Michael Peca wins face-off versus Jamie Lundmark in Blackdemons zone.
10:12 of 2nd period - Snap shot by Jamie Lundmark.
10:12 of 2nd period - Shot Misses the Net.
10:14 of 2nd period - Slapshot by Mark Stuart.
10:14 of 2nd period - Deflect By Raphael Diaz.
10:14 of 2nd period - Stopped by Michal Neuvirth with a rebound.
10:16 of 2nd period - Snap shot by Chris Dingman.
10:16 of 2nd period - Goal by Chris Dingman - Staline : 3 - Blackdemons : 6.
10:17 of 2nd period - Steve Konowalchuk wins face-off versus Jamie Lundmark in neutral zone.
10:32 of 2nd period - Snap shot by Chris Dingman.
10:32 of 2nd period - Goal by Chris Dingman - Staline : 4 - Blackdemons : 6.
10:33 of 2nd period - Sam Gagner wins face-off versus Jamie Lundmark in neutral zone.
10:38 of 2nd period - Chris Dingman is hit by Sam Gagner and loses puck.
10:43 of 2nd period - Wrist shot by Sam Gagner.
10:43 of 2nd period - Stopped by Martin Houle with a rebound.
10:45 of 2nd period - Slapshot by Raphael Diaz.
10:45 of 2nd period - Shot Misses the Net.
10:47 of 2nd period - Slapshot by Nathan Paetsch.
10:47 of 2nd period - Stopped by Martin Houle with a rebound.
11:09 of 2nd period - Wrist shot by Steve Konowalchuk.
11:09 of 2nd period - Goal by Steve Konowalchuk - Staline : 4 - Blackdemons : 7.
11:10 of 2nd period - Sam Gagner wins face-off versus Jamie Lundmark in neutral zone.
11:26 of 2nd period - Snap shot by Jamie Lundmark.
11:26 of 2nd period - Shot Misses the Net.
12:04 of 2nd period - Snap shot by Curtis Glencross.
12:04 of 2nd period - Shot Misses the Net.
12:06 of 2nd period - Penalty to Nikita Nikitin is over, Nikita Nikitin is back on ice.
12:06 of 2nd period - Penalty to Yan Stastny is over, Yan Stastny is back on ice.
12:06 of 2nd period - Wrist shot by Curtis Glencross.
12:06 of 2nd period - Shot Misses the Net.
12:08 of 2nd period - Wrist shot by Sam Gagner.
12:08 of 2nd period - Shot Blocked by T.J. Fast.
12:10 of 2nd period - Snap shot by Nikita Nikitin.
12:10 of 2nd period - Goal by Nikita Nikitin - Staline : 4 - Blackdemons : 8.
12:10 of 2nd period - Erik Ersberg enters game.
12:11 of 2nd period - Michael Peca wins face-off versus Yan Stastny in neutral zone.
12:36 of 2nd period - Mark Stuart is hit by Steve Konowalchuk and loses puck.
13:23 of 2nd period - Slapshot by Stanislav Chistov.
13:23 of 2nd period - Stopped by Erik Ersberg with a rebound.
13:25 of 2nd period - Slapshot by Stanislav Chistov.
13:25 of 2nd period - Deflect By Zack Hamill.
13:25 of 2nd period - Shot Blocked by Robert Dome.
13:25 of 2nd period - Puck is out of play.
13:26 of 2nd period - Sam Gagner wins face-off versus Jamie Lundmark in Staline zone.
13:27 of 2nd period - Wrist shot by Enver Lisin.
13:27 of 2nd period - Stopped by Erik Ersberg with a rebound.
13:53 of 2nd period - Nathan Paetsch is hit by Cam Janssen and loses puck.
14:18 of 2nd period - Nikita Nikitin is hit by Yan Stastny and loses puck.
15:14 of 2nd period - Wrist shot by J.T. Wyman.
15:14 of 2nd period - Stopped by Michal Neuvirth with a rebound.
15:32 of 2nd period - Matt Carle is hit by Curtis Glencross and loses puck.
16:03 of 2nd period - Yan Stastny is hit by Tomas Kopecky and loses puck.
16:18 of 2nd period - Enver Lisin is hit by Simon Danis-Pepin.
16:34 of 2nd period - Jamie Lundmark is hit by Michael Peca and loses puck.
16:45 of 2nd period - Chris Dingman is hit by Sam Gagner and loses puck.
17:51 of 2nd period - Minor Penalty to Curtis Glencross for Goalie Interference.
17:52 of 2nd period - Jamie Lundmark wins face-off versus Michael Peca in Blackdemons zone.
18:16 of 2nd period - Wrist shot by Matt Carle.
18:16 of 2nd period - Shot Blocked by Radoslav Suchy.
18:18 of 2nd period - Snap shot by Devin Setoguchi.
18:18 of 2nd period - Deflect By Yan Stastny.
18:18 of 2nd period - Stopped by Michal Neuvirth with a rebound.
19:51 of 2nd period - Penalty to Curtis Glencross is over, Curtis Glencross is back on ice.
3rd period
0:01 of 3rd period - Jamie Lundmark wins face-off versus Michael Peca in neutral zone.
0:26 of 3rd period - Chris Dingman is hit by Enver Lisin.
0:36 of 3rd period - Slapshot by Matt Carle.
0:36 of 3rd period - Stopped by Michal Neuvirth with a rebound.
0:38 of 3rd period - Slapshot by Matt Carle.
0:38 of 3rd period - Shot Blocked by Jakub Kindl.
0:40 of 3rd period - Slapshot by T.J. Fast.
0:40 of 3rd period - Stopped by Michal Neuvirth with a rebound.
0:42 of 3rd period - Snap shot by Jamie Lundmark.
0:42 of 3rd period - Stopped by Michal Neuvirth without a rebound.
0:43 of 3rd period - Yan Stastny wins face-off versus Zack Hamill in Blackdemons zone.
0:50 of 3rd period - Wrist shot by Alexandre Daigle.
0:50 of 3rd period - Deflect By Stanislav Chistov.
0:50 of 3rd period - Stopped by Michal Neuvirth without a rebound.
0:51 of 3rd period - Yan Stastny wins face-off versus Curtis Glencross in Blackdemons zone.
1:01 of 3rd period - Off-side.
1:02 of 3rd period - Jamie Lundmark wins face-off versus Tomas Kopecky in neutral zone.
1:07 of 3rd period - Slapshot by Devin Setoguchi.
1:07 of 3rd period - Stopped by Michal Neuvirth without a rebound.
1:08 of 3rd period - Michael Peca wins face-off versus Jamie Lundmark in Blackdemons zone.
1:55 of 3rd period - Minor Penalty to Karl Alzner for Slashing.
1:56 of 3rd period - Jamie Lundmark wins face-off versus Steve Konowalchuk in Blackdemons zone.
2:08 of 3rd period - Slapshot by Greg Zanon.
2:08 of 3rd period - Stopped by Michal Neuvirth with a rebound.
2:28 of 3rd period - Slapshot by Greg Zanon.
2:28 of 3rd period - Goal by Greg Zanon - Staline : 5 - Blackdemons : 8.
2:29 of 3rd period - Jamie Lundmark wins face-off versus Zack Hamill in neutral zone.
2:58 of 3rd period - Mark Stuart is hit by Tomas Kopecky and loses puck.
3:35 of 3rd period - Wrist shot by Radoslav Suchy.
3:35 of 3rd period - Stopped by Erik Ersberg with a rebound.
3:37 of 3rd period - Wrist shot by Frazer Mclaren.
3:37 of 3rd period - Stopped by Erik Ersberg with a rebound.
3:39 of 3rd period - Slapshot by Radoslav Suchy.
3:39 of 3rd period - Shot Misses the Net.
3:41 of 3rd period - Snap shot by Frazer Mclaren.
3:41 of 3rd period - Stopped by Erik Ersberg without a rebound.
3:42 of 3rd period - Michael Peca wins face-off versus Jamie Lundmark in Staline zone.
3:43 of 3rd period - Snap shot by Tomas Kopecky.
3:43 of 3rd period - Stopped by Erik Ersberg without a rebound.
3:44 of 3rd period - Michael Peca wins face-off versus Jamie Lundmark in Staline zone.
3:47 of 3rd period - Snap shot by Michael Peca.
3:47 of 3rd period - Stopped by Erik Ersberg with a rebound.
4:16 of 3rd period - Minor Penalty to Stanislav Chistov for Holding Stick.
4:17 of 3rd period - Jamie Lundmark wins face-off versus Steve Konowalchuk in Blackdemons zone.
4:18 of 3rd period - Wrist shot by Chris Dingman.
4:18 of 3rd period - Shot Misses the Net.
4:20 of 3rd period - Wrist shot by Greg Zanon.
4:20 of 3rd period - Shot Misses the Net.
4:22 of 3rd period - Wrist shot by Greg Zanon.
4:22 of 3rd period - Shot Misses the Net.
4:24 of 3rd period - Slapshot by Mark Stuart.
4:24 of 3rd period - Shot Blocked by Tomas Kopecky.
4:26 of 3rd period - Snap shot by Alexandre Daigle.
4:26 of 3rd period - Shot Misses the Net.
4:28 of 3rd period - Wrist shot by Jamie Lundmark.
4:28 of 3rd period - Deflect By Steve Konowalchuk.
4:28 of 3rd period - Shot Misses the Net.
4:28 of 3rd period - Puck is out of play.
4:29 of 3rd period - Steve Konowalchuk wins face-off versus Jamie Lundmark in Blackdemons zone.
4:38 of 3rd period - Michael Peca is hit by Greg Zanon and loses puck.
6:16 of 3rd period - Penalty to Stanislav Chistov is over, Stanislav Chistov is back on ice.
6:23 of 3rd period - Josh Green is hit by Maxime Macenauer and loses puck.
6:53 of 3rd period - Snap shot by J.T. Wyman.
6:53 of 3rd period - Shot Misses the Net.
7:17 of 3rd period - Slapshot by Raphael Diaz.
7:17 of 3rd period - Deflect By Zack Hamill.
7:17 of 3rd period - Shot Misses the Net.
7:17 of 3rd period - Puck is out of play.
7:18 of 3rd period - Zack Hamill wins face-off versus Tomas Kana in Staline zone.
7:43 of 3rd period - Wrist shot by Michael Peca.
7:43 of 3rd period - Deflect By Tomas Kopecky.
7:43 of 3rd period - Shot Misses the Net.
7:43 of 3rd period - Puck is out of play.
7:44 of 3rd period - Devin Setoguchi wins face-off versus Michael Peca in Staline zone.
7:57 of 3rd period - Snap shot by Jamie Lundmark.
7:57 of 3rd period - Shot Misses the Net.
8:19 of 3rd period - Radoslav Suchy is hit by Robert Dome and loses puck.
8:50 of 3rd period - Wrist shot by Brandon Prust.
8:50 of 3rd period - Shot Misses the Net.
9:16 of 3rd period - Slapshot by Michael Peca.
9:16 of 3rd period - Shot Misses the Net.
9:18 of 3rd period - Slapshot by Nikita Nikitin.
9:18 of 3rd period - Stopped by Erik Ersberg with a rebound.
9:50 of 3rd period - Cam Janssen is hit by Curtis Glencross.
9:56 of 3rd period - Wrist shot by Stanislav Chistov.
9:56 of 3rd period - Shot Blocked by Tomas Kana.
9:58 of 3rd period - Wrist shot by Karl Alzner.
9:58 of 3rd period - Deflect By Stanislav Chistov.
9:58 of 3rd period - Shot Blocked by Simon Danis-Pepin.
9:58 of 3rd period - Puck is out of play.
9:59 of 3rd period - Jamie Lundmark wins face-off versus Michael Peca in Staline zone.
10:11 of 3rd period - Minor Penalty to Chris Dingman for Roughing.
10:12 of 3rd period - Cam Janssen wins face-off versus Sam Gagner in Staline zone.
10:21 of 3rd period - Slapshot by Raphael Diaz.
10:21 of 3rd period - Shot Blocked by Cam Janssen.
10:23 of 3rd period - Snap shot by James Neal.
10:23 of 3rd period - Goal by James Neal - Staline : 5 - Blackdemons : 9.
10:24 of 3rd period - Chris Dingman wins face-off versus Enver Lisin in neutral zone.
11:13 of 3rd period - Zack Hamill is hit by Alexandre Daigle and loses puck.
12:20 of 3rd period - Snap shot by Tomas Kopecky.
12:20 of 3rd period - Shot Misses the Net.
12:22 of 3rd period - Snap shot by Tomas Kopecky.
12:22 of 3rd period - Deflect By James Neal.
12:22 of 3rd period - Stopped by Erik Ersberg without a rebound.
12:23 of 3rd period - Zack Hamill wins face-off versus Jamie Lundmark in Staline zone.
12:26 of 3rd period - Slapshot by Curtis Glencross.
12:26 of 3rd period - Shot Blocked by Mike Sauer.
12:28 of 3rd period - Snap shot by Stanislav Chistov.
12:28 of 3rd period - Shot Blocked by Chris Dingman.
12:30 of 3rd period - Snap shot by Zack Hamill.
12:30 of 3rd period - Stopped by Erik Ersberg with a rebound.
12:32 of 3rd period - Slapshot by Karl Alzner.
12:32 of 3rd period - Shot Misses the Net.
12:50 of 3rd period - Sam Gagner is hit by Yan Stastny and loses puck.
13:11 of 3rd period - Wrist shot by Cam Janssen.
13:11 of 3rd period - Shot Blocked by Raphael Diaz.
13:13 of 3rd period - Snap shot by Tomas Kana.
13:13 of 3rd period - Shot Misses the Net.
13:18 of 3rd period - Minor Penalty to Raphael Diaz for Hooking.
13:19 of 3rd period - Jamie Lundmark wins face-off versus Michael Peca in Blackdemons zone.
13:22 of 3rd period - Slapshot by Jamie Lundmark.
13:22 of 3rd period - Stopped by Michal Neuvirth with a rebound.
13:24 of 3rd period - Backhand shot by Jamie Lundmark.
13:24 of 3rd period - Stopped by Michal Neuvirth without a rebound.
13:25 of 3rd period - Jamie Lundmark wins face-off versus Michael Peca in Blackdemons zone.
13:54 of 3rd period - Snap shot by Curtis Glencross.
13:54 of 3rd period - Stopped by Erik Ersberg without a rebound.
13:55 of 3rd period - Curtis Glencross wins face-off versus Jamie Lundmark in Staline zone.
13:55 of 3rd period - Minor Penalty to Michael Peca for Roughing.
13:55 of 3rd period - Minor Penalty to Alexandre Daigle for Roughing.
13:56 of 3rd period - Tomas Kopecky wins face-off versus Jamie Lundmark in Staline zone.
13:59 of 3rd period - Slapshot by Tomas Kopecky.
13:59 of 3rd period - Stopped by Erik Ersberg without a rebound.
14:00 of 3rd period - Jamie Lundmark wins face-off versus Tomas Kopecky in Staline zone.
14:07 of 3rd period - Snap shot by Chris Dingman.
14:07 of 3rd period - Shot Misses the Net.
14:15 of 3rd period - Backhand shot by Chris Dingman.
14:15 of 3rd period - Shot Blocked by Radoslav Suchy.
14:27 of 3rd period - Snap shot by Radoslav Suchy.
14:27 of 3rd period - Stopped by Erik Ersberg with a rebound.
14:29 of 3rd period - Slapshot by Steve Konowalchuk.
14:29 of 3rd period - Stopped by Erik Ersberg without a rebound.
14:30 of 3rd period - Steve Konowalchuk wins face-off versus Jamie Lundmark in Staline zone.
14:31 of 3rd period - Slapshot by Nathan Paetsch.
14:31 of 3rd period - Shot Blocked by Matt Carle.
14:48 of 3rd period - Off-side.
14:49 of 3rd period - Josh Green wins face-off versus Tomas Kopecky in neutral zone.
14:58 of 3rd period - Slapshot by Radoslav Suchy.
14:58 of 3rd period - Stopped by Erik Ersberg with a rebound.
15:00 of 3rd period - Snap shot by Tomas Kopecky.
15:00 of 3rd period - Shot Misses the Net.
15:18 of 3rd period - Penalty to Raphael Diaz is over, Raphael Diaz is back on ice.
15:48 of 3rd period - Radoslav Suchy is hit by Brandon Prust and loses puck.
15:55 of 3rd period - Penalty to Michael Peca is over, Michael Peca is back on ice.
15:55 of 3rd period - Penalty to Alexandre Daigle is over, Alexandre Daigle is back on ice.
16:15 of 3rd period - Snap shot by Alexandre Daigle.
16:15 of 3rd period - Stopped by Michal Neuvirth with a rebound.
16:25 of 3rd period - Snap shot by Robert Dome.
16:25 of 3rd period - Shot Blocked by Raphael Diaz.
16:27 of 3rd period - Slapshot by Matt Carle.
16:27 of 3rd period - Shot Misses the Net.
16:29 of 3rd period - Snap shot by Robert Dome.
16:29 of 3rd period - Stopped by Michal Neuvirth without a rebound.
16:30 of 3rd period - Tomas Kana wins face-off versus Zack Hamill in Blackdemons zone.
16:33 of 3rd period - Slapshot by Tomas Kana.
16:33 of 3rd period - Shot Misses the Net.
16:41 of 3rd period - Tomas Kana is hit by Zack Hamill and loses puck.
16:58 of 3rd period - Mark Stuart is hit by Nikita Nikitin and loses puck.
17:02 of 3rd period - Icing by Mark Stuart.
17:03 of 3rd period - Jamie Lundmark wins face-off versus Zack Hamill in Staline zone.
17:32 of 3rd period - Snap shot by Enver Lisin.
17:32 of 3rd period - Stopped by Erik Ersberg without a rebound.
17:33 of 3rd period - Sam Gagner wins face-off versus Tomas Kana in Staline zone.
17:34 of 3rd period - Slapshot by Steve Konowalchuk.
17:34 of 3rd period - Shot Blocked by Josh Green.
17:36 of 3rd period - Snap shot by Enver Lisin.
17:36 of 3rd period - Shot Misses the Net.
17:38 of 3rd period - Wrist shot by Steve Konowalchuk.
17:38 of 3rd period - Shot Misses the Net.
17:41 of 3rd period - Minor Penalty to Steve Konowalchuk for Roughing.
17:42 of 3rd period - Jamie Lundmark wins face-off versus Michael Peca in Blackdemons zone.
17:53 of 3rd period - Snap shot by Jamie Lundmark.
17:53 of 3rd period - Shot Misses the Net.
17:55 of 3rd period - Slapshot by Mark Stuart.
17:55 of 3rd period - Deflect By Chris Dingman.
17:55 of 3rd period - Stopped by Michal Neuvirth with a rebound.
17:57 of 3rd period - Slapshot by Mark Stuart.
17:57 of 3rd period - Stopped by Michal Neuvirth without a rebound.
17:58 of 3rd period - Jamie Lundmark wins face-off versus Tomas Kopecky in Blackdemons zone.
18:45 of 3rd period - Icing by Alexandre Daigle.
18:46 of 3rd period - Jamie Lundmark wins face-off versus Sam Gagner in Staline zone.
19:11 of 3rd period - Snap shot by Michael Peca.
19:11 of 3rd period - Shot Blocked by Yan Stastny.
19:16 of 3rd period - Off-side.
19:17 of 3rd period - Tomas Kopecky wins face-off versus Jamie Lundmark in neutral zone.
19:41 of 3rd period - Penalty to Steve Konowalchuk is over, Steve Konowalchuk is back on ice.
Output by the SimonT Hockey Simulator (STHS) for François Prévost -- Original Page W3C XHTML 1.0 Valid